 Dungeon Crawl Stone Soup version 0.31-a0-636-ge1c0e020e0 (webtiles) character file.

Game seed: 11977893547292851054

3390 thirtiethelement the Cleaver (level 9, -6/71 HPs)
             Began as a Demonspawn Fighter on Aug 27, 2023.
             Was a Priest of Okawaru.
             Mangled by an orc warlord
             ... wielding a +4 battleaxe
              (46 damage)
             ... in a bailey.
             The game lasted 00:14:47 (5386 turns).

thirtiethelement the Cleaver (Demonspawn Fighter)   Turns: 5386, Time: 00:14:48

Health: -6/71      AC: 20    Str: 21    XL:     9   Next: 74%
Magic:  7/9        EV:  9    Int:  9    God:    Okawaru [***...]
Gold:   190        SH:  7    Dex: 19    Spells: 8/8 levels left

rFire   . . .        a - +0 war axe
rCold   . . .        c - +0 buckler
rNeg    . . .        z - +0 plate armour
rPois   .            A - +2 hat
rElec   .            (no cloak)
rCorr   .            x - +0 pair of gloves
SInv    .            B - +0 pair of boots
Will    +....        g - amulet of regeneration Stlth
                     r - +6 ring of dexterity
HPRegen 2.11/turn    s - ring of willpower
MPRegen 0.11/turn

%: no passive effects
@: heroic
A: horns 1, (demonic guardian 1), powered by death 1
a: Renounce Religion, Heroism


You were in a bailey.
You worshipped Okawaru.
Okawaru was most pleased with you.
You visited 2 branches of the dungeon, and saw 8 of its levels.
You also visited: Bailey.

You collected 364 gold pieces.
You spent 174 gold pieces at shops.

Inventory:

Hand Weapons
 a - a +0 war axe (weapon)
Missiles
 b - a throwing net
 o - 6 boomerangs (quivered)
Armour
 c - a +0 buckler (worn)
 x - a +0 pair of gloves (worn)
 z - a +0 plate armour (worn)
 A - a +2 hat (worn)
 B - a +0 pair of boots (worn)
Jewellery
 g - an amulet of regeneration (around neck)
 r - a +6 ring of dexterity (left hand)
 s - a ring of willpower (right hand)
 v - an amulet of guardian spirit
 y - a ring of magical power
 C - an amulet of reflection
Scrolls
 e - 3 scrolls of amnesia
 j - 2 scrolls of poison
 l - 5 scrolls of teleportation
 n - a scroll of fog {unknown}
 q - a scroll of enchant armour
 t - 2 scrolls of enchant weapon
 u - 2 scrolls of silence
 D - a scroll of vulnerability
 G - a scroll of acquirement {unknown}
 H - a scroll of brand weapon {unknown}
 I - a scroll of butterflies {unknown}
Potions
 d - 3 potions of might
 f - a potion of experience {unknown}
 h - 2 potions of lignification {unknown}
 i - 6 potions of haste
 k - 3 potions of curing
 m - 2 potions of attraction
 p - a potion of invisibility {unknown}
 w - 2 potions of enlightenment {unknown}
 F - a potion of heal wounds


   Skills:
 + Level 6.4(11.4) Fighting
 + Level 9.0(14.0) Axes
 + Level 1.6(6.6) Throwing
 + Level 6.3(11.3) Armour
 + Level 1.1(6.1) Dodging
 + Level 1.1(6.1) Stealth
 + Level 4.8(9.8) Shields
 + Level 0.8 Invocations


You had 8 spell levels left.
You didn't know any spells.
Your spell library contained the following spells:

 Spells                   Type           Power      Damage    Failure   Level
 Ensorcelled Hibernation  Hex/Ice        0%         N/A       100%        2
 Passwall                 Tmut/Erth      0%         N/A       100%        2
 Dazzling Flash           Conj/Hex       0%         N/A       100%        3
 Swiftness                Air            0%         N/A       100%        3
 Volatile Blastmotes      Fire/Tloc      0%         2d10      100%        3
 Anguish                  Hex/Necr       0%         N/A       100%        4
 Cause Fear               Hex            0%         N/A       100%        4
 Starburst                Conj/Fire      0%         6d3       100%        6
 Enfeeble                 Hex            0%         N/A       100%        7
 Borgnjor's Revivificati  Necr           0%         N/A       100%        8
 Maxwell's Capacitive Co  Air            0%         ∞         100%        8
 Death's Door             Necr           0%         N/A       100%        9
 Haunt                    Necr/Summ      Unusable   N/A       N/A         7

Dungeon Overview and Level Annotations

Branches:
Dungeon (7/15)             Temple (1/1) D:4          Bailey (1/1)

Altars:
Ashenzari
Cheibriados
Dithmenos
Fedhas
Gozag
Hepliaklqana
Nemelex Xobeh
Okawaru
Qazlal
Sif Muna
Uskayaw
Vehumet
Xom
Yredelemnul

Shops:
D:4 *!


Innate Abilities, Weirdness & Mutations

You have a pair of small horns on your head.
((A weak demonic guardian rushes to your aid.))
You regenerate a little health from kills.


Message History

The orc warlord goes into a battle-frenzy!
The orc warlord is engulfed in blazing flames.
Flame seeps out of the orc warlord.
The orc warlord is engulfed in blazing flames.
Flame seeps out of the orc warlord.
The air fills with toxic fumes!
As you read the scroll of poison, it crumbles to dust.
The orc warlord is engulfed in blazing flames.
Flame seeps out of the orc warlord.
Throw: 6 boomerangs
Press: ? - help, Q - select action, (/) - cycle Shift-Dir - straight line, f - orc warlord
Aim: an orc warlord, wielding a +4 battleaxe and wearing a +0 chain mail (poison gas, moderately wounded, inner flame, strong, 69% to hit)
You throw a boomerang.
The boomerang hits the orc warlord but does no damage.
The orc warlord is moderately wounded.
The orc warlord is engulfed in poison gas.
The orc warlord is poisoned.
Flame seeps out of the orc warlord.
Throw: 6 boomerangs
Press: ? - help, Q - select action, (/) - cycle Shift-Dir - straight line, f/p - orc warlord
Aim: an orc warlord, wielding a +4 battleaxe and wearing a +0 chain mail (poison gas, moderately wounded, inner flame, strong, poisoned, 69% to hit)
You throw a boomerang.
The boomerang hits the orc warlord but does no damage.
The orc warlord is moderately wounded.
Flame seeps out of the orc warlord.
The orc warlord is engulfed in poison gas.
The orc warlord looks even sicker.
Flame seeps out of the orc warlord.
You gain the combat prowess of a mighty hero.
The orc warlord is engulfed in poison gas.
The orc warlord looks even sicker.
Flame seeps out of the orc warlord.
The orc warlord hits you with a +4 battleaxe!!
You slash the orc warlord!
Flame seeps out of the orc warlord.
You headbutt the orc warlord, but do no damage.
The orc warlord is heavily wounded.
Flame seeps out of the orc warlord.
The orc warlord is engulfed in poison gas.
The orc warlord looks as sick as possible!
Flame seeps out of the orc warlord.
The orc warlord hits you with a +4 battleaxe!!!
Ouch! That really hurt!
You die...

#...........#......
#§§§........#......
###☼§.......###.....
###§#§#.....###.###...
###§§§§☼###.###...
###. ##§§§§§§§☼§###
.... ## #§☼§§§§§§§☼8#
).... #
#§§§☼§§§§§§8#§§.... #
#§§§§§§§@o§§☼§.§... #
#☼§§§§§§§☼§8#☼§○.). #
#§§§§§§§§§§8# ).... #
##§§§§§§§§§### .... ##
###§§☼☼§###.###...
###.
###§#§#.....###.###...
###§§.......###.....
#§§§........#......
#...........#......


You could see an orc warlord (inner flame, strong, extremely poisoned).

Vanquished Creatures
  A wraith (D:6)
  The ghost of ShinQuickMan the Conjurer, an amateur DECj of Gozag (D:5)
  2 steam dragons (D:6)
  8 orc warriors (Bailey)
  2 black bears
  2 ice beasts
  3 ogres
  2 centaurs
  3 phantoms
  A bullfrog (D:7)
  2 scorpions
  A howler monkey (D:6)
  A centaur zombie (D:5)
  A bullfrog zombie (D:5)
  A jelly (D:5)
  A gnoll bouda (D:7)
  3 orc priests
  2 hounds
  3 orc wizards
  A sleepcap (D:5)
  2 iguanas
  A scorpion zombie (D:5)
  A killer bee zombie (D:5)
  A hound zombie (D:5)
  A howler monkey zombie (D:5)
  11 gnolls
  10 adders
  3 shadow imps
  An ufetubus (D:6)
  A worm (D:4)
  2 dart slugs (D:3)
  35 orcs
  6 ball pythons
  4 bats
  3 endoplasms
  17 hobgoblins
  7 jackals
  6 kobolds
  3 quokkas
  2 frilled lizards
  18 goblins
  2 rats
178 creatures vanquished.

Notes
Turn   | Place    | Note
-------+----------+-------------------------------------------
     0 | D:1      | thirtiethelement the Demonspawn Fighter began the quest for
                  | the Orb.
     0 | D:1      | Reached XP level 1. HP: 18/18 MP: 1/1
   131 | D:1      | Reached skill level 2 in Axes
   145 | D:1      | Gained mutation: You have a pair of small horns on your
                  | head. [demonic ancestry]
   145 | D:1      | Reached XP level 2. HP: 24/24 MP: 2/2
   781 | D:2      | Found a broken altar of Ashenzari.
   966 | D:2      | Reached XP level 3. HP: 23/29 MP: 3/3
  1531 | D:3      | Gained mutation: You regenerate a little health from kills.
                  | [demonic ancestry]
  1531 | D:3      | Reached XP level 4. HP: 29/35 MP: 4/4
  1533 | D:3      | Reached skill level 3 in Axes
  1721 | D:3      | Reached XP level 5. HP: 7/42 MP: 5/5
  2334 | D:4      | Noticed a centaur
  2351 | D:4      | Killed a centaur
  2401 | D:4      | Gained mutation: A weak demonic guardian rushes to your
                  | aid. [demonic ancestry]
  2401 | D:4      | Reached XP level 6. HP: 46/48 MP: 6/6
  2423 | D:4      | Found a staircase to the Ecumenical Temple.
  2430 | Temple   | Entered the Ecumenical Temple
  2438 | Temple   | Became a worshipper of Warmaster Okawaru
  2472 | D:4      | Found Mamul's Distillery.
  2477 | D:4      | Bought a potion of heal wounds for 65 gold pieces
  2477 | D:4      | Bought a potion of curing for 39 gold pieces
  2495 | D:4      | Reached skill level 1 in Stealth
  2498 | D:4      | Reached skill level 4 in Axes
  2762 | D:4      | Found Gime Ynuhere's General Store.
  2773 | D:4      | Bought a scroll of identify for 28 gold pieces
  2773 | D:4      | Bought a potion of attraction for 42 gold pieces
  3091 | D:5      | Entered Level 5 of the Dungeon
  3304 | D:5      | Reached XP level 7. HP: 45/54 MP: 7/7
  3340 | D:5      | Reached * piety under Okawaru
  3341 | D:5      | Reached skill level 5 in Axes
  3463 | D:5      | Found a runed translucent door.
  3613 | D:5      | Found a hazy altar of Hepliaklqana.
  3824 | D:5      | Reached skill level 6 in Axes
  3824 | D:5      | Reached XP level 8. HP: 61/61 MP: 8/8
  3881 | D:5      | Noticed ShinQuickMan's ghost (amateur DECj)
  3896 | D:5      | Killed ShinQuickMan's ghost
  3896 | D:5      | Reached ** piety under Okawaru
  4267 | D:6      | Reached skill level 5 in Fighting
  4267 | D:6      | Reached skill level 1 in Throwing
  4355 | D:6      | Reached skill level 5 in Armour
  4364 | D:6      | Reached skill level 7 in Axes
  4369 | D:6      | Reached skill level 1 in Dodging
  4693 | D:6      | Reached *** piety under Okawaru
  4746 | D:6      | Reached XP level 9. HP: 68/68 MP: 9/9
  5069 | D:7      | Found a radiant altar of Vehumet.
  5080 | D:7      | Noticed a green ugly thing
  5085 | D:7      | Noticed a two-headed ogre
  5121 | D:7      | Found a flagged portal.
  5148 | D:7      | Reached skill level 8 in Axes
  5175 | Bailey   | Entered a bailey
  5375 | Bailey   | Noticed an orc warlord
  5377 | Bailey   | Noticed an orc knight
  5378 | Bailey   | Reached skill level 9 in Axes
  5386 | Bailey   | Mangled by an orc warlord

Illustrated notes

Levels and vault maps discovered:
D:1:      minmay_arrival_nine_rooms, layout_loops_ring
D:2:      layout_rooms, serial_rivers, chequers_serial_rivers_large_a,
          chequers_serial_rivers_large_b, chequers_serial_rivers_room_a,
          chequers_serial_rivers_room_b, chequers_serial_rivers_marsh,
          basic_altar, st_stairs_4, kennysheep_generic_room_7
D:3:      layout_rooms, hex_large, st_stairs_8, nicolae_hexahallways
D:4:      layout_loops_cross, temple_doors_cd, serial_shops,
          nicolae_shop_hallway_plus, nicolae_shop_crystal
D:5:      layout_basic, marbit_many_paths, serial_undead, serial_undead_e,
          serial_undead_a, serial_undead_e, serial_undead_f,
          ebering_ghost_reflecting_pool, st_stairs_4
D:6:      layout_gridville, grunt_ministairs_8, minivault_10
D:7:      cheibrodos_fzero, layout_loops_ring, vehumet_crystals, serial_glass,
          glass_columns_a, glass_columns_a, glass_columns_c, glass_columns_a,
          glass_columns_b, glass_columns_b, glass_columns_c, glass_columns_a,
          glass_columns_b, glass_columns_c, glass_columns_a, glass_columns_c,
          glass_columns_a, glass_columns_a, enter_bailey_5,
          chequers_ossuary_entry_cave, minmay_misc_feat_tiny
Temple:   minmay_freezing_vapour_temple
Bailey:   bailey_axe_minmay_hex_keep, bailey

Skill      XL: |  1  2  3  4  5  6  7  8  9 |
---------------+----------------------------+-----
Axes           | 2 3 4 6 7 9 |  9.0
Armour         | 3 4 5 6 |  6.3
Shields        | 3 4 |  4.8
Fighting       | 4 5 6 |  6.4
Stealth        | 1 |  1.1
Throwing       | 1 |  1.6
Dodging        | 1 |  1.1
Invocations    | |  0.8

Action                     |  1- 3 |  4- 6 |  7- 9 || total
---------------------------+-------+-------+-------++-------
  Melee: War axe           |    91 |   126 |   262 ||   479
         Headbutt          |     5 |    31 |    54 ||    90
  Throw: Boomerang         |       |     9 |    23 ||    32
 Invoke: Heroism           |       |       |     6 ||     6
    Use: Scroll            |       |     5 |     7 ||    12
         Potion            |       |       |     3 ||     3
 Armour: Scale mail        |    46 |    53 |       ||    99
         Chain mail        |       |     5 |    29 ||    34
         Plate armour      |       |       |   156 ||   156
  Dodge: Dodged            |    41 |    57 |    88 ||   186
  Block: Buckler           |    22 |    48 |    83 ||   153

Table legend: (Time is in decaauts)
 A = Elapsed time spent in this place.
 B = Non-inter-level travel time spent in this place.
 C = Inter-level travel time spent in this place.
 D = Time resting spent in this place.
 E = Time spent auto-exploring this place.
 F = Levels seen in this place.
 G = Mean time per level.
                   A        B        C        D        E       F      G
               +--------+--------+--------+--------+--------+-----+--------+
         Total |   5584 |   5386 |    198 |    157 |   3868 |   9 |  620.4 |
       Dungeon |   5358 |   5160 |    198 |    151 |   3868 |   7 |  765.4 |
        Temple |     13 |     13 |      0 |      0 |      0 |   1 |   13.0 |
        Bailey |    212 |    212 |      0 |      6 |      0 |   1 |  212.0 |
               +--------+--------+--------+--------+--------+-----+--------+

Top non-repeatable levels by time:
     D:6: 1083 daAuts
     D:5: 873 daAuts
     D:2: 822 daAuts
     D:3: 817 daAuts
     D:1: 801 daAuts
     D:4: 782 daAuts
  Bailey: 212 daAuts
     D:7: 179 daAuts
  Temple: 13 daAuts
